 Dungeon Crawl Stone Soup version 0.32-a0-900-g30fb1b0edc (console) character file.

Game seed: 10215856850127863968

3 petzl the Sneak (level 1, -5/18 HPs)
             Began as a Formicid Delver on Apr 5, 2024.
             Slain by a gnoll
             ... wielding a +0 whip
             ... led by a gnoll bouda
              (9 damage)
             ... on level 6 of the Dungeon.
             The game lasted 00:02:23 (294 turns).

petzl the Sneak (Formicid Delver)                    Turns: 294, Time: 00:02:23

Health: -5/18      AC:  3    Str: 16    XL:     1   Next: 55%
Magic:  1/1        EV: 11    Int: 13    God:
Gold:   13         SH:  0    Dex: 18    Spells: 1/1 levels left

rFire   . . .        a - +3 broad axe {drain, Int+4 Dex+3 Stlth-, !f =f}
rCold   . . .        (no shield)
rNeg    . . .        b - +0 leather armour
rPois   .            (helmet unavailable)
rElec   .            (no cloak)
rCorr   +            (no gloves)
SInv    +            (no boots)
Will    .....        (no amulet)
Stlth   ++           i - ring of resist corrosion
HPRegen 0.23/turn    (no ring)
MPRegen 0.07/turn

%: no passive effects
@: weakened
A: permanent stasis, dig shafts and tunnels, antennae 3, four strong arms
a: Dig, Shaft Self


You were on level 6 of the Dungeon.
You visited 1 branch of the dungeon, and saw 3 of its levels.

You collected 13 gold pieces.

Inventory:

Hand Weapons
 a - the +3 broad axe of Uskayaw, Hugging (weapon) {drain, Int+4 Dex+3 Stlth-, !f =f}
   (You found it on level 7 of the Dungeon)

   Int+4:     It affects your intelligence (+4).
   Dex+3:     It affects your dexterity (+3).
   Stlth-:    It makes you less stealthy.
 h - a +0 mace
Armour
 b - a +0 leather armour (worn)
Jewellery
 i - a ring of resist corrosion (left hand)
Wands
 f - a wand of digging (3)
Scrolls
 c - a scroll of fog
 d - a scroll of vulnerability {unknown}
 e - a scroll of fear
 g - a scroll of torment {unknown}
 j - a scroll of identify {unknown}


   Skills:
 - Level 3.2 Fighting
 + Level 0.5(1.3) Axes
 - Level 2.0 Maces & Flails
 - Level 1.7 Dodging
 - Level 6.0 Stealth
 + Level 0.5 Spellcasting


You had one spell level left.
You didn't know any spells.
Your spell library was empty.

Dungeon Overview and Level Annotations

Branches:
Dungeon (7/15)
 Temple: D:4-7

Altars:


Innate Abilities, Weirdness & Mutations

You cannot be hasted, slowed, berserked, paralysed or teleported.
You can dig through walls and to a lower floor.
You have a pair of large antennae on your head. (SInv)
Your four strong arms can wield two-handed weapons with a shield.


Message History

You closely miss the adder zombie.
The adder zombie is almost destroyed.
The adder zombie bites you. x2
You hit the adder zombie.
You destroy the adder zombie!
Unknown command.
There is a stone staircase leading down here.
You climb downwards.
You hear the hiss of flowing sand.
There is an entrance to an ossuary on this level.
Hurry and find it before the portal is buried!
There is a stone staircase leading up here.
You start resting.
You hear the hiss of an avalanche of sand very nearby.
You start resting.
HP restored.
You now have 13 gold pieces.
The gnoll shouts!
You hear a shout!
You see here a scroll labelled VERUSU MOKUFULYS.
A gnoll bouda comes into view. It is wielding a +0 whip.
A gnoll comes into view. It is wielding a +0 halberd.
You see here a scroll labelled VERUSU MOKUFULYS.
d - a scroll labelled VERUSU MOKUFULYS The gnoll shouts!
You hear a shout!
The gnoll bouda barks out a call to the hunt!
The gnolls pick up the pace!
The gnoll hits you from afar with a +0 spear.
The gnoll closely misses you. The gnoll attacks as it pursues you!
The gnoll misses you.
The gnoll bouda gazes fiercely through you!
You feel your attacks grow feeble.
The gnoll hits you from afar with a +0 spear.
You hear the brisk hiss of an avalanche of sand very nearby.
The gnoll bouda gazes fiercely through you!
You feel as though you will be weak longer.
The gnoll attacks as it pursues you! The gnoll hits you with a +0 whip!
* * * LOW HITPOINT WARNING * * *
The gnoll misses you. The gnoll attacks as it pursues you!
The gnoll hits you with a +0 whip!
Ouch! That really hurt!
You die...

**,#..#*#.######.#.####
*,,*#..##.# #........
*,,**#..#.#####..#.#...
*,,*,*#^......#..#.#,*#
#..#,,##..###.#..#,#,*
#..+,,{##...#<#..###.#
#..#,,##..#.#.#......#
#..#,##..##.#.#.######
#..###..##*,#.#.#
#..##..## *,#.#.#
#..#..## *,#.#.#
#....## *,#.#.# #..###
***,#.#.# ##.#
*,*,,,#.# #.# *,#####.#
#.######.#.....#######
#.##.g.#.#.###########
#.##@#.#.#.#......<...
#.##.#.#.#.#..........
#.##.#g#.#.##########.
#.##.#.#+#............
#....#.........#######
######gg......>#.....'
#.........#.#####
#.........#.#####
#.........#.#####
#.######+##.#####
#g##.....##.#####
#.##.....##.#####
#.##.....##.###..
#g#*,,,,,*#.#**,,
***#.#*,,,,,**,,,*,,
*,,,,,+,,,,,**,,,*,,
*,**,**,,,,***,,,**,
*,**,**,,,,***,*****


You could see a gnoll (swift).

Vanquished Creatures
  An adder zombie (D:5)
1 creature vanquished.

Notes
Turn   | Place    | Note
-------+----------+-------------------------------------------
     0 | D:5      | petzl the Formicid Delver began the quest for the Orb.
     0 | D:5      | Reached XP level 1. HP: 18/18 MP: 1/1
   102 | D:7      | Noticed a bullfrog
   112 | D:7      | Identified the +3 broad axe of Uskayaw, Hugging {drain,
                  | Int+4 Dex+3 Stlth-}
   284 | D:6      | Noticed a gnoll bouda
   294 | D:6      | Slain by a gnoll

Illustrated notes

Levels and vault maps discovered:
D:5:      layout_layer_cave, minmay_temple_entry_hall, serial_undead,
          serial_undead_a, serial_undead_a, serial_undead_c, serial_undead_e
D:6:      cheibrodos_helix_gallery, layout_basic, gup_ossuary_entry_pyramid,
          nicolae_zen_rock_garden, minmay_misc_feat_cross
D:7:      layout_rooms, serial_shops, nicolae_shop_industrial_runoff,
          minmay_quadrilaterals, uniq_joseph

Action                     || total
---------------------------++-------
  Melee: Broad axe         ||     9
    Use: Scroll            ||     1
 Armour: Leather armour    ||    13
  Dodge: Dodged            ||     7

Table legend: (Time is in decaauts)
 A = Elapsed time spent in this place.
 B = Non-inter-level travel time spent in this place.
 C = Inter-level travel time spent in this place.
 D = Time resting spent in this place.
 E = Time spent auto-exploring this place.
 F = Levels seen in this place.
 G = Mean time per level.
                   A        B        C        D        E       F      G
               +--------+--------+--------+--------+--------+-----+--------+
         Total |    298 |    298 |      0 |     13 |      0 |   3 |   99.3 |
       Dungeon |    298 |    298 |      0 |     13 |      0 |   3 |   99.3 |
               +--------+--------+--------+--------+--------+-----+--------+

Top non-repeatable levels by time:
     D:6: 154 daAuts
     D:7: 121 daAuts
     D:5: 22 daAuts
